 Dungeon Crawl Stone Soup version 0.31.0-32-g396128a36d (webtiles) character file.

Game seed: 11337999431115985339

2676 gohu the Thaumaturge (level 9, -3/55 HPs)
             Began as a Djinni Fire Elementalist on Mar 13, 2024.
             Shot with a sling bullet by Joseph (19 damage)
             ... on level 7 of the Dungeon.
             The game lasted 00:15:52 (6559 turns).

gohu the Thaumaturge (Djinni Fire Elementalist)     Turns: 6559, Time: 00:15:52

Health: -3/55      AC:  3    Str:  7    XL:     9   Next: 95%
Gold:   480        EV: 17    Int: 21    God:
                   SH:  0    Dex: 14

rFire   + + .        n - +2 short sword (venom)
rCold   x . .        (no shield)
rNeg    . . .        a - +0 robe
rPois   ∞            (no helmet)
rElec   .            (no cloak)
rCorr   .            v - +0 pair of gloves
SInv    .            (boots unavailable)
Will    .....        (no amulet)
Stlth   ++           e - +5 ring of evasion
HPRegen 0.29/turn    (no ring)
MPRegen 0.00/turn

%: infuse magic (-4 HP)
@: flying
A: sickness immunity, fire resistance 2, cold vulnerability 1, float, innate
caster, HP casting, extra vitality 1
a: no special abilities


You were on level 7 of the Dungeon.
You visited 2 branches of the dungeon, and saw 8 of its levels.
You also visited: Sewer.

You collected 480 gold pieces.

Inventory:

Hand Weapons
 n - a +2 short sword of venom (weapon)
Armour
 a - a +0 robe (worn)
 v - a +0 pair of gloves (worn)
Jewellery
 e - a +5 ring of evasion (left hand)
Wands
 k - a wand of charming (20)
 q - a wand of flame (25)
Scrolls
 d - 3 scrolls of amnesia
 g - 5 scrolls of noise
 h - 3 scrolls of revelation
 i - a scroll of teleportation
 j - 2 scrolls of immolation
 p - a scroll of torment
 s - a scroll of poison
 t - a scroll of vulnerability
 u - 3 scrolls of butterflies
 x - a scroll of fear {unknown}
 y - 2 scrolls of identify
Potions
 b - 2 potions of might {unknown}
 c - 4 potions of mutation {unknown}
 f - 2 potions of curing {unknown}
 l - 2 potions of enlightenment {unknown}
 m - 2 potions of lignification {unknown}
 o - a potion of berserk rage
 r - 3 potions of haste {unknown}
 w - 2 potions of brilliance {unknown}


   Skills:
 - Level 2.1 Dodging
 - Level 1.5 Stealth
 + Level 10.6 Spellcasting
 + Level 10.6 Conjurations
 + Level 10.6 Hexes
 + Level 10.6 Summonings
 + Level 10.6 Necromancy
 + Level 10.6 Translocations
 + Level 10.6 Fire Magic
 + Level 10.6 Ice Magic
 + Level 10.6 Air Magic
 + Level 10.6 Earth Magic
 + Level 10.6 Alchemy


You knew the following spells:

 Your Spells              Type           Power      Damage    Failure   Level
a - Foxfire               Conj/Fire      100%       2x1d9     1%          1
b - Scorch                Fire           100%       2d9       1%          2
c - Flame Wave            Conj/Fire      54%        2d13      1%          4
d - Inner Flame           Hex/Fire       54%        N/A       1%          3
e - Volatile Blastmotes   Fire/Tloc      100%       2d18      1%          3
f - Shock                 Conj/Air       100%       1d9       1%          1
g - Ensorcelled Hibernat  Hex/Ice        100%       N/A       1%          2
h - Swiftness             Air            54%        N/A       1%          3
i - Cause Fear            Hex            27%        N/A       1%          4
Your spell library was empty.

Dungeon Overview and Level Annotations

Branches:
Dungeon (7/15)             Temple (1/1) D:4           Sewer (visited)

Altars:
Ashenzari
Cheibriados
Dithmenos
Elyvilon
Fedhas
Gozag
Nemelex Xobeh
Okawaru
Qazlal
Ru
Trog
Uskayaw
Wu Jian
Xom
Yredelemnul
Zin
The Shining One

Annotations:
D:3 2 runed translucent doors, Vncvd's ghost, amateur BaMo
D:7 Joseph


Innate Abilities, Weirdness & Mutations

You are immune to sickness and miasma.
You are immune to poison.
Your flesh is very heat resistant. (rF++)
You are vulnerable to cold. (rC-)
You float through the air rather than walking.
You learn spells naturally, not from books.
Your magical power is your life essence.
You have superior vitality. (+4 MHP)


Message History

The orc is severely wounded.
Casting: Foxfire (safe; 1% risk of failure)
Confirm with . or Enter, or press ? or * to list all spells.
Casting: Flame Wave (dangerous; 1% risk of failure)
Press: ? - help, Dir - look around, f - activate A wave of flame ripples out!
The flame wave engulfs the orc!!
You kill the orc! (Press . to intensify the flame waves.)
You hear a shout!
Joseph, a Mercenary comes into view.
He is wielding a +2 quarterstaff of holy wrath.
Joseph is nearby!
Joseph unwields a +2 quarterstaff of holy wrath.
It stops glowing.
Joseph wields a +5 sling of freezing.
It is covered in frost.
Joseph shoots a sling bullet.
The sling bullet barely misses you.
Casting: Flame Wave (dangerous; 1% risk of failure)
Confirm with . or Enter, or press ? or * to list all spells.
A cloud of volatile blastmotes flares up around you!
Run!
A white imp comes into view.
Casting: Volatile Blastmotes (safe; 1% risk of failure)
Confirm with . or Enter, or press ? or * to list all spells.
A cloud of volatile blastmotes flares up around you!
Run!
The cloud of blastmotes explodes!
The concussive blast engulfs the white imp!!!
The white imp is burned terribly!
You kill the white imp!
Joseph shoots a sling bullet.
The sling bullet misses you.
Casting: Volatile Blastmotes (safe; 1% risk of failure)
Confirm with . or Enter, or press ? or * to list all spells.
A cloud of volatile blastmotes flares up around you!
Run!
The cloud of blastmotes explodes!
The concussive blast engulfs Joseph!!
Joseph is severely wounded.
You hear a shout!
Joseph shoots a sling bullet.
The sling bullet hits you! The sling bullet freezes you!
Casting: Volatile Blastmotes (safe; 1% risk of failure)
Confirm with . or Enter, or press ? or * to list all spells.
A cloud of volatile blastmotes flares up around you!
Run!
* * * LOW HITPOINT WARNING * * *
Joseph shoots a sling bullet.
The sling bullet hits you!!
You die...

##### #..#
.....5#..####@#.
......)...[.....
..#.#.##@####..
# ##.#
#.#######...
#.@.........
#....#######
#....§.@...#
#....#####.#
##........<#
#....#....#
###..#....#
#..#....#
#..#....#
...#..... ......


You could see Joseph.

Vanquished Creatures
  Sigmund (D:2)
  A wraith (D:6)
  Edmund (D:5)
  An orc warrior (D:6)
  A sky beast (D:6)
  A crocodile (Sewer)
  4 ogres
  A kobold brigand (D:6)
  Blork the orc (D:5)
  A brain worm (Sewer)
  2 bullfrogs
  8 wights (D:6)
  5 hounds
  A jelly (D:5)
  2 gnoll boudas
  2 orc priests
  Jessica (D:2)
  A sleepcap (D:4)
  An iguana (D:4)
  5 orc wizards
  9 adders
  14 gnolls
  2 shadow imps
  3 white imps
  26 orcs
  8 endoplasms
  5 giant cockroaches
  14 goblins
  7 hobgoblins
  9 jackals
  16 kobolds
  8 quokkas
  7 ball pythons
  10 bats
  3 frilled lizards
182 creatures vanquished.

Vanquished Creatures (others)
  367 foxfires
367 creatures vanquished.

Grand Total: 549 creatures vanquished

Notes
Turn   | Place    | Note
-------+----------+-------------------------------------------
     0 | D:1      | gohu the Djinni Fire Elementalist began the quest for the
                  | Orb.
     0 | D:1      | gohu set off with the following spells memorised: Foxfire,
                  | Scorch, Volatile Blastmotes, Inner Flame, Flame Wave.
     0 | D:1      | Reached XP level 1. HP: 15/15 MP: 0/0
   229 | D:1      | Reached XP level 2. HP: 20/21 MP: 0/0
   470 | D:1      | Reached XP level 3. HP: 22/25 MP: 0/0
   470 | D:1      | Learned a level 1 spell: Shock
   875 | D:2      | Noticed Jessica
   882 | D:2      | Killed Jessica
   883 | D:2      | Reached XP level 4. HP: 7/31 MP: 0/0
  1139 | D:2      | Reached XP level 5. HP: 24/35 MP: 0/0
  1139 | D:2      | Learned a level 2 spell: Ensorcelled Hibernation
  1226 | D:2      | Noticed Sigmund
  1466 | D:2      | Killed Sigmund
  1467 | D:2      | Reached skill level 5 in Spellcasting
  1467 | D:2      | Reached skill level 5 in Conjurations
  1467 | D:2      | Reached skill level 5 in Hexes
  1467 | D:2      | Reached skill level 5 in Summonings
  1467 | D:2      | Reached skill level 5 in Necromancy
  1467 | D:2      | Reached skill level 5 in Translocations
  1467 | D:2      | Reached skill level 5 in Fire Magic
  1467 | D:2      | Reached skill level 5 in Ice Magic
  1467 | D:2      | Reached skill level 5 in Air Magic
  1467 | D:2      | Reached skill level 5 in Earth Magic
  1467 | D:2      | Reached skill level 5 in Alchemy
  1467 | D:2      | Reached XP level 6. HP: 27/40 MP: 0/0
  2204 | D:3      | Found a runed translucent door.
  2208 | D:3      | Noticed Vncvd's ghost (amateur BaMo)
  2310 | D:3      | Reached XP level 7. HP: 43/45 MP: 0/0
  2310 | D:3      | Learned a level 3 spell: Swiftness
  2666 | D:3      | Found a runed translucent door.
  2767 | D:4      | Found a staircase to the Ecumenical Temple.
  2789 | Temple   | Entered the Ecumenical Temple
  3856 | D:4      | Reached XP level 8. HP: 37/50 MP: 0/0
  4148 | D:5      | Entered Level 5 of the Dungeon
  4206 | D:5      | Noticed Edmund
  4218 | D:5      | Killed Edmund
  4274 | D:5      | Noticed Blork the orc
  4282 | D:5      | Killed Blork the orc
  4659 | D:5      | Identified the +3 hand axe "Roczoif" {venom, *Corrode MP+9
                  | Dex+2 Stlth+}
  4787 | D:5      | Found a white marble altar of Elyvilon.
  4794 | D:5      | Found an iron altar of Okawaru.
  4795 | D:5      | Found a sacrificial altar of Ru.
  4798 | D:5      | Found a glowing silver altar of Zin.
  4802 | D:5      | Found a sparkling altar of Nemelex Xobeh.
  4916 | D:5      | Found a basalt altar of Yredelemnul.
  4920 | D:5      | Found a bloodstained altar of Trog.
  5052 | D:6      | Reached XP level 9. HP: 43/55 MP: 0/0
  5052 | D:6      | Learned a level 4 spell: Cause Fear
  5271 | D:6      | Found a glowing drain.
  5287 | Sewer    | Entered a sewer
  5552 | D:6      | Reached skill level 10 in Spellcasting
  5552 | D:6      | Reached skill level 10 in Conjurations
  5552 | D:6      | Reached skill level 10 in Hexes
  5552 | D:6      | Reached skill level 10 in Summonings
  5552 | D:6      | Reached skill level 10 in Necromancy
  5552 | D:6      | Reached skill level 10 in Translocations
  5552 | D:6      | Reached skill level 10 in Fire Magic
  5552 | D:6      | Reached skill level 10 in Ice Magic
  5552 | D:6      | Reached skill level 10 in Air Magic
  5552 | D:6      | Reached skill level 10 in Earth Magic
  5552 | D:6      | Reached skill level 10 in Alchemy
  6546 | D:7      | Noticed Joseph
  6559 | D:7      | Shot with a sling bullet by Joseph

Illustrated notes

Levels and vault maps discovered:
D:1:      lemuel_arrival_rhombus, layout_basic
D:2:      layout_rooms, minmay_ruptured, uniq_sigmund, uniq_jessica
D:3:      layout_rooms, ebering_ghost_sewer_f
D:4:      corexii_shack_village, layout_loops_cross,
          mainiacjoe_overflow_brackets, minmay_temple_entry_stoned_glass,
          serial_library, serial_library_hellmonk_octagon,
          serial_library_hellmonk_reading_circle,
          serial_library_hellmonk_angled_corner,
          serial_library_hellmonk_secret_room,
          serial_library_regret_index_split_case
D:5:      layout_basic, nicolae_overflow_hallway_of_the_gods, uniq_edmund,
          uniq_blork_the_orc
D:6:      layout_cave_pods, portal_sewer_entry_f
D:7:      minmay_cornered_nines, layout_basic, serial_curves, eino_curves_02,
          eino_curves_04, uniq_joseph
Temple:   hellmonk_temple_micro_hex

Skill      XL: |  1  2  3  4  5  6  7  8  9 |
---------------+----------------------------+-----
Spellcasting   | 4 5 6 7 8 10 | 10.6
Conjurations   | 4 5 6 7 8 10 | 10.6
Hexes          | 4 5 6 7 8 10 | 10.6
Summonings     | 4 5 6 7 8 10 | 10.6
Necromancy     | 4 5 6 7 8 10 | 10.6
Translocations | 4 5 6 7 8 10 | 10.6
Fire Magic     | 4 5 6 7 8 10 | 10.6
Ice Magic      | 4 5 6 7 8 10 | 10.6
Air Magic      | 4 5 6 7 8 10 | 10.6
Earth Magic    | 4 5 6 7 8 10 | 10.6
Alchemy        | 4 5 6 7 8 10 | 10.6
Dodging        | |  2.1
Stealth        | |  1.5

Action                     |  1- 3 |  4- 6 |  7- 9 || total
---------------------------+-------+-------+-------++-------
  Melee: Short sword       |       |     1 |       ||     1
   Cast: Foxfire           |    48 |    39 |   133 ||   220
         Scorch            |     7 |    12 |    32 ||    51
         Volatile Blastmot |       |    11 |    30 ||    41
         Ensorcelled Hiber |       |     1 |       ||     1
         Swiftness         |       |       |     1 ||     1
         Flame Wave        |       |       |    26 ||    26
    Use: Scroll            |       |       |    10 ||    10
 Armour: Robe              |     3 |    17 |    40 ||    60
  Dodge: Dodged            |     4 |    24 |    64 ||    92
